 Dungeon Crawl Stone Soup version 0.29.1-12-g30fa7ad0bf (webtiles) character file.

Game seed: 4989910227175642527

94 booth the Chopper (level 4, -1/34 HPs)
             Began as a Demonspawn Gladiator on Dec 21, 2022.
             Constricted to death by Natasha (7 damage)
             ... on level 2 of the Dungeon.
             The game lasted 00:14:44 (1718 turns).

booth the Chopper (Demonspawn Gladiator)            Turns: 1718, Time: 00:14:45

Health: -1/34      AC:  8    Str: 14    XL:     4   Next: 38%
Magic:  5/5        EV: 10    Int: 11    God:
Gold:   92         SH:  4    Dex: 15    Spells: 5/5 levels left

rFire   . . .      SeeInvis .   a - +0 war axe
rCold   . . .      Faith    .   (no shield)
rNeg    . . .      Spirit   .   k - +2 robe {Will+}
rPois   .          Reflect  .   c - +0 helmet
rElec   .          Harm     .   (no cloak)
rCorr   .          Rampage  .   n - +0 pair of gloves
Will    +....                   (no boots)
Stlth   ++........              (no amulet)
HPRegen 0.11/turn               (no ring)
MPRegen 0.09/turn               (no ring)

@: grasped by roots, constricted
A: icy blue scales 1, condensation shield
a: no special abilities


You were on level 2 of the Dungeon.
You visited 1 branch of the dungeon, and saw 2 of its levels.

You collected 92 gold pieces.

Inventory:

Hand Weapons
 a - a +0 war axe (weapon)
Missiles
 d - 2 throwing nets
 e - a javelin
 g - 6 boomerangs (quivered)
Armour
 b - a +0 leather armour
 c - a +0 helmet (worn)
 k - a +2 robe of willpower (worn)
 n - a +0 pair of gloves (worn)
Scrolls
 i - a scroll of blinking {unknown}
 j - a scroll of enchant armour {unknown}
 l - a scroll of brand weapon {unknown}
Potions
 f - 2 potions of attraction {unknown}
 h - 3 potions of haste
 m - 2 potions of curing {unknown}


   Skills:
 + Level 2.3 Fighting
 + Level 3.3 Axes
 + Level 2.0 Throwing
 + Level 0.6 Armour
 + Level 3.1 Dodging
 + Level 1.4 Stealth
 * Level 1.0 Spellcasting


You had 5 spell levels left.
You didn't know any spells.
Your spell library contained the following spells:

 Spells                   Type           Power      Damage    Failure   Level
 Necrotise                Necr           0%         1d4       32%         1
 Gell's Gravitas          Tloc           0%         N/A       67%         3
 Teleport Other           Tloc           0%         N/A       67%         3
 Vampiric Draining        Necr           0%         2d6       67%         3
 Agony                    Necr           0%         N/A       100%        5
 Dispersal                Tloc           0%         N/A       100%        6


Dungeon Overview and Level Annotations

Branches:
Dungeon (2/15)

Altars:

Annotations:
D:2 Jessica, Natasha


Innate Abilities, Weirdness & Mutations

You are partially covered in icy blue scales. (AC +2)
A meltable shield of frost defends you. (SH +4)


Message History

Your Stealth skill increases to level 1!
You start resting.
A rat comes into view.
You barely miss the rat. The rat completely misses you.
You slash the rat!
You kill the rat!
Natasha, Servant of Life and Death comes into view.
She is carrying a wand of roots (3).
Natasha zaps a wand.
The roots erupt in riotous growth!
The grasping roots grab you! The grasping roots constrict you.
You see here a rat corpse.
You escape the roots grasp.
Natasha stares at you and mumbles some strange words.
The magic dart hits you.
You barely miss Natasha. Natasha claws you.
Natasha stares at you and mumbles some strange words.
The magic dart hits you.
You hit Natasha but do no damage. Natasha closely misses you.
You closely miss Natasha.
An endoplasm comes into view.
Natasha mumbles some strange words.
The endoplasm quivers.
You hit Natasha but do no damage. Natasha claws you but does no damage.
Natasha zaps a wand.
The roots erupt in riotous growth!
The grasping roots grab you!
Natasha is unaffected.
The grasping roots constrict you.
You closely miss Natasha.
The crimson imp blinks!
Natasha misses you. The grasping roots constrict you.
You hit Natasha.
Natasha is moderately wounded.
Natasha closely misses you. The grasping roots constrict you.
You hit Natasha.
Natasha is moderately wounded.
Natasha mumbles some strange words.
The grasping roots constrict you.
* * * LOW HITPOINT WARNING * * *
Natasha claws you.
* * * LOW HITPOINT WARNING * * *
The grasping roots constrict you!
You die...

#.....#
......###
#...#. ...#..
.#... ######
.@.# #....#
#....#
##..5.# #.
####§h@..#
#.##...J##5##
....>......#
.......†...#
..........##
..........#
..........#
..........#
..........#


You could see Natasha, a crimson imp (summoned), a white imp (summoned) and an
endoplasm.

Vanquished Creatures
  Natasha (twice) (D:2)
  2 adders (D:2)
  A dart slug (D:1)
  2 ball pythons (D:2)
  An endoplasm (D:1)
  2 giant cockroaches
  4 goblins
  A hobgoblin (D:1)
  A quokka (D:1)
  4 bats
  2 frilled lizards (D:1)
  4 rats
26 creatures vanquished.

Notes
Turn   | Place    | Note
-------+----------+-------------------------------------------
     0 | D:1      | booth the Demonspawn Gladiator began the quest for the Orb.
     0 | D:1      | Reached XP level 1. HP: 16/16 MP: 1/1
   169 | D:1      | Gained mutation: You are partially covered in icy blue
                  | scales. (AC +2) [demonic ancestry]
   169 | D:1      | Reached XP level 2. HP: 8/22 MP: 2/2
  1203 | D:2      | Noticed Jessica
  1315 | D:2      | Reached XP level 3. HP: 24/27 MP: 3/3
  1373 | D:2      | Noticed Natasha
  1434 | D:2      | Killed Natasha
  1636 | D:2      | Reached skill level 1 in Spellcasting
  1636 | D:2      | Gained mutation: A meltable shield of frost defends you.
                  | (SH +4) [demonic ancestry]
  1636 | D:2      | Reached XP level 4. HP: 33/34 MP: 5/5
  1685 | D:2      | Noticed Natasha
  1696 | D:2      | Killed Natasha
  1697 | D:2      | Reached skill level 1 in Stealth
  1706 | D:2      | Noticed Natasha
  1718 | D:2      | Constricted to death by Natasha

Illustrated notes

Levels and vault maps discovered:
D:1:      wander_arrival_peaceful_grave, layout_loops_ring
D:2:      layout_rooms, uniq_natasha, uniq_jessica

Skill      XL: |  1  2  3  4 |
---------------+-------------+-----
Axes           | 3 |  3.3
Throwing       | 2 |  2.0
Dodging        | 3 |  3.1
Spellcasting   | 1 |  1.0
Stealth        | 1 |  1.4
Fighting       | |  2.3
Armour         | |  0.6

Action                   |  1- 3 |  4- 6 || total
-------------------------+-------+-------++-------
Melee: War axe           |    93 |    17 ||   110
Throw: Javelin           |     3 |       ||     3
       Boomerang         |     5 |     6 ||    11
       Throwing net      |     1 |       ||     1
  Use: Scroll            |     3 |       ||     3
 Stab: Distracted        |     1 |       ||     1
Armor: Leather armour    |    26 |       ||    26
       Robe              |    16 |     4 ||    20
Dodge: Dodged            |    84 |    12 ||    96
Block: Other             |       |     1 ||     1
